 Dungeon Crawl Stone Soup version 0.27-a0-1319-geec4fb4e21 (webtiles) character file.

Game seed: 13863578959964942268

1 snetch the Magician (level 1, 0/15 HPs)
             Began as a Djinni Hedge Wizard on June 21, 2021.
             Slain by a jackal (1 damage)
             ... on level 2 of the Dungeon.
             The game lasted 00:00:50 (53 turns).

snetch the Magician (Djinni Hedge Wizard)             Turns: 53, Time: 00:00:51

Health: 0/15       AC:  2    Str:  9    XL:     1   Next: 22%
Gold:   11         EV: 12    Int: 15    God:
                   SH:  0    Dex: 12

rFire    + + .     SeeInvis .   a - +0 dagger
rCold    x . .     Faith    .   (no shield)
rNeg     . . .     Spirit   .   b - +0 robe
rPois    ∞         Reflect  .   c - +0 hat
rElec    .         Harm     .   (no cloak)
rCorr    .         Rampage  .   (no gloves)
Will     .....                  (boots unavailable)
Stlth    ++........             (no amulet)
HPRegen  0.05/turn              (no ring)
MPRegen  0.00/turn              (no ring)

@: flying
A: sickness immunity, fire resistance 2, cold vulnerability 1, float, innate
caster, hp casting, extra vitality 1
a: no special abilities


You were on level 2 of the Dungeon.
You visited 1 branch of the dungeon, and saw 2 of its levels.

You collected 11 gold pieces.

Inventory:

Hand Weapons
 a - a +0 dagger (weapon)
Armour
 b - a +0 robe (worn)
 c - a +0 hat (worn)
Potions
 d - a potion of might {unknown}


   Skills:
 + Level 2.2 Dodging
 + Level 1.5 Stealth
 + Level 2.4 Spellcasting


You couldn't memorise any spells.
You knew the following spells:

 Your Spells              Type           Power      Damage    Failure   Level
a - Magic Dart            Conj           36%        1d4       8%          1
b - Blink                 Tloc           N/A        N/A       12%         2
c - Call Imp              Summ           9%         N/A       12%         2
d - Slow                  Hex            9%         N/A       12%         2
e - Conjure Flame         Conj/Fire      9%         6-21      22%         3
f - Mephitic Cloud        Conj/Pois/Air  9%         N/A       22%         3
Your spell library was empty.

Dungeon Overview and Level Annotations

Branches:
Dungeon (2/15)

Altars:


Innate Abilities, Weirdness & Mutations

You are immune to sickness and miasma.
You are immune to poison.
Your flesh is very heat resistant. (rF++)
You are vulnerable to cold. (rC-)
You float through the air rather than walking.
You learn spells naturally, not from books.
Your magical power is your life essence.
You have superior vitality. (+4 HP)


Message History

* * * LOW HITPOINT WARNING * * *
The jackal barely misses you. The jackal barely misses you.
The jackal barely misses you. The jackal closely misses you.
Found 4 gold pieces.
The jackal closely misses you.
Aiming: Magic Dart (safe; 8% risk of failure)
Press: ? - help, Q - select action, (/) - cycle Shift-Dir - straight line, f/p - jackal
Aim: a jackal (severely wounded, 100% to hit)
The magic dart hits the jackal.
The jackal is almost dead.
* * * LOW HITPOINT WARNING * * *
The jackal closely misses you.
Your magical contamination has completely faded away.
Aiming: Magic Dart (safe; 8% risk of failure)
Press: ? - help, Q - select action, (/) - cycle Shift-Dir - straight line, f/p - jackal
Aim: a jackal (almost dead, 100% to hit)
The magic dart hits the jackal.
You kill the jackal!
* * * LOW HITPOINT WARNING * * *
The jackal bites you but does no damage.
The jackal bites you but does no damage.
The jackal bites you but does no damage.
The jackal barely misses you. The jackal bites you.
* * * LOW HITPOINT WARNING * * *
The jackal closely misses you. The jackal barely misses you.
There is a stone staircase leading up here.
The jackal closely misses you.
You barely miss the jackal. The jackal closely misses you.
You don't have enough health to cast this spell.
You don't have enough health to cast this spell.
You don't have enough health to cast this spell.
You are too injured to fight recklessly!
You don't have enough health to cast this spell.
The jackal bites you but does no damage.
The jackal misses you. The jackal bites you.
You die...

♣#...###.#####
###..##.####
#..........###
#............#
#......<...#..#
#..........# $#
#..P.......#
...P..P...h.#
###..P♣....@.#
#P.PP♣♣...<.#
...♣.♣...P..#


PP♣ ♣♣♣P...# ♣.♣..## PP..## P..## PP.# PP# You could see a jackal.

Vanquished Creatures
  A jackal (D:2)
1 creature vanquished.

Notes
Turn   | Place    | Note
-------+----------+-------------------------------------------
     0 | D:1      | snetch the Djinni Hedge Wizard began the quest for the Orb.
     0 | D:1      | Reached XP level 1. HP: 15/15 MP: 0/0
    53 | D:2      | Slain by a jackal

Illustrated notes

Levels and vault maps discovered:
D:1:      nzn_arrival_water_spiral, layout_basic,
          hellmonk_ecumenical_altar_leap_of_faith, minmay_parallelograms,
          lemuel_flame_loot_1
D:2:      layout_rooms, serial_forest, infiniplex_forest_end_2,
          infiniplex_forest_lined_3_way, infiniplex_forest_clump_cross,
          infiniplex_forest_diagonal, infiniplex_forest_clump_medium,
          infiniplex_forest_lined_3, infiniplex_forest_lined_room_,
          hangedman_decor_peaks_small, corexii_shack, kennysheep_boxes,
          uniq_sigmund

Action                   || total
-------------------------++-------
Melee: Dagger            ||     1
 Cast: Magic Dart        ||     5
Armor: Robe              ||     5
Dodge: Dodged            ||    22

Table legend: (Time is in decaauts)
 A = Elapsed time spent in this place.
 B = Non-inter-level travel time spent in this place.
 C = Inter-level travel time spent in this place.
 D = Time resting spent in this place.
 E = Time spent auto-exploring this place.
 F = Levels seen in this place.
 G = Mean time per level.
                   A        B        C        D        E       F      G
               +--------+--------+--------+--------+--------+-----+--------+
         Total |     53 |     53 |      0 |      0 |      0 |   2 |   26.5 |
       Dungeon |     53 |     53 |      0 |      0 |      0 |   2 |   26.5 |
               +--------+--------+--------+--------+--------+-----+--------+

Top non-repeatable levels by time:
     D:2: 42 daAuts
     D:1: 11 daAuts
